 Dungeon Crawl Stone Soup version 0.29.1-14-g9c671dbff4 (webtiles) character file.

Game seed: 13577741512190694940

3760 cdecastro the Cleaver (level 10, -9/92 (94) HPs)
             Began as a Hill Orc Fighter on Feb 14, 2023.
             Was a Believer of Ashenzari.
             Mangled by a two-headed ogre
             ... wielding a +0 giant club
              (16 damage)
             ... on level 8 of the Dungeon on Feb 16, 2023.
             The game lasted 00:15:06 (11442 turns).

cdecastro the Cleaver (Hill Orc Fighter)           Turns: 11442, Time: 00:15:07

HP:   -9/92 (94)    AC: 10    Str: 24    XL:     10   Next: 15%
MP:   10/10         EV:  8    Int:  8    God:    Ashenzari [**....]
Gold: 422           SH:  0    Dex: 10    Spells: 9/9 levels left

rFire   . . .      SeeInvis +   B - +1 hand axe of Desmomancy {flame, Melee, Cun} (curse)
rCold   . . .      Faith    .   (no shield)
rNeg    . . .      Spirit   .   v - +0 chain mail "Restrained Together" {Evo, Alch} (curse)
rPois   .          Reflect  .   (no helmet)
rElec   .          Harm     .   (no cloak)
rCorr   .          Rampage  .   (no gloves)
Will    .....                   s - +0 pair of boots "Restrained Malaise" {Elem, Self} (curse)
Stlth   ..........              (no amulet)
HPRegen 0.25/turn               (no ring)
MPRegen 0.12/turn               (no ring)

@: lightly drained
A: no striking features
a: Renounce Religion, Shatter the Chains


You were on level 8 of the Dungeon.
You worshipped Ashenzari.
Ashenzari was pleased with you.
You visited 2 branches of the dungeon, and saw 9 of its levels.

You collected 422 gold pieces.

Inventory:

Hand Weapons
 a - a +0 war axe
 B - the cursed +1 hand axe of Desmomancy (weapon) {flame, Melee, Cun}
   (You took it off an orc on level 4 of the Dungeon)

   It burns those it strikes, dealing additional fire damage.
   Big, fiery blades are also staple armaments of hydra-hunters.
   It has a curse which improves the following skills: Melee Combat: Short
   Blades, Long Blades, Axes, Maces & Flails, Polearms, Staves and Unarmed
   Combat.
   Cunning:   Dodging and Stealth.
 F - the +8 mace "Gootuwyc" {vorpal, Drain rN++ Str-3 Int+3}
   (You found it on level 5 of the Dungeon)

   It inflicts extra damage upon your enemies.
   Str:       It affects your strength (-3).
   Int:       It affects your intelligence (+3).
   rN:        It greatly protects you from negative energy.
   Drain:     It drains your maximum health when unequipped.
 G - a +3 whip
 L - a +1 war axe of venom
Missiles
 l - 13 boomerangs (quivered)
 m - 29 poisoned darts
Armour
 b - a +0 scale mail
 c - a +0 buckler
 s - the cursed +0 pair of boots "Restrained Malaise" (worn) {Elem, Self}
   (You found it on level 2 of the Dungeon)

   It has a curse which improves the following skills: Elements: Fire Magic, Ice
   Magic, Air Magic and Earth Magic.
   Introspection: Fighting and Spellcasting.
 v - the cursed +0 chain mail "Restrained Together" (worn) {Evo, Alch}
   (You took it off Terence on level 2 of the Dungeon)

   It has a curse which improves the following skills: Evocations: Evocations.
   Alchemy:   Poison Magic and Transmutations.
 K - a +0 cloak
Magical Staves
 x - a staff of earth
 C - a staff of fire
Jewellery
 n - a ring of magical power
 y - a +6 ring of dexterity
 J - a ring of wizardry
Wands
 I - a wand of charming (6)
 N - a wand of flame (26)
 O - a wand of polymorph (6)
Scrolls
 f - 6 scrolls of blinking
 h - 2 scrolls of enchant weapon
 i - 8 scrolls of identify
 j - a scroll of magic mapping
 p - 6 scrolls of teleportation
 q - a scroll of acquirement
 u - 2 scrolls of amnesia
 A - 4 scrolls of fear
 D - 2 scrolls of poison
 H - a scroll of torment
Potions
 d - 3 potions of might
 e - 3 potions of curing
 g - 3 potions of attraction
 k - 4 potions of ambrosia
 o - 3 potions of mutation
 r - 3 potions of heal wounds
 t - a potion of brilliance
 w - 2 potions of haste
 z - a potion of lignification
 E - a potion of flight
Miscellaneous
 M - a box of beasts


   Skills:
 - Level 9.2(10.5) Fighting
 - Level 14.8(16.0) Axes
 + Level 3.2 Armour
 - Level 3.2 Shields
 - Level 4.6(5.8) Evocations


You had 9 spell levels left.
You didn't know any spells.
Your spell library contained the following spells:

 Spells                   Type           Power      Damage    Failure   Level
 Sting                    Tmut/Pois      0%         1d3       96%         1
 Magic Dart               Conj           0%         1d3       97%         1
 Blink                    Tloc           0%         N/A       99%         2
 Call Imp                 Summ           0%         N/A       99%         2
 Ensorcelled Hibernation  Hex/Ice        0%         N/A       99%         2
 Passwall                 Tmut/Erth      0%         N/A       99%         2
 Poisonous Vapours        Pois/Air       0%         N/A       99%         2
 Static Discharge         Conj/Air       0%         3-3/arc   99%         2
 Gell's Gravitas          Tloc           0%         N/A       100%        3
 Lesser Beckoning         Tloc           0%         N/A       100%        3
 Mephitic Cloud           Conj/Pois/Air  0%         N/A       100%        3
 Swiftness                Air            0%         N/A       100%        3
 Teleport Other           Tloc           0%         N/A       100%        3
 Olgreb's Toxic Radiance  Pois           0%         N/A       100%        4
 Lightning Bolt           Conj/Air       0%         1d11      100%        5
 Manifold Assault         Tloc           0%         N/A       100%        5
 Storm Form               Tmut/Air       0%         N/A       100%        7
 Maxwell's Capacitive Co  Air            0%         ∞         100%        8


Dungeon Overview and Level Annotations

Branches:
Dungeon (8/15)             Temple (1/1) D:4
   Lair: D:8-11

Altars:
Ashenzari
Dithmenos
Elyvilon
Fedhas
Hepliaklqana
Kikubaaqudgha
Makhleb
Nemelex Xobeh
Okawaru
Qazlal
Sif Muna
Trog
Uskayaw
Vehumet
Wu Jian
Xom
Yredelemnul
Zin
The Shining One

Annotations:
D:3 2 transporters, 1 runed translucent door, Crazy Yiuf, Menkaure


Message History

The wight hits you from afar with a +3 halberd.
Unknown command.
You hit the gnoll bouda. You burn the gnoll bouda.
The gnoll bouda is almost dead.
The gnoll bouda prays to its god.
The gnoll bouda is healed somewhat.
The wight barely misses you.
Unknown command.
You hit the gnoll bouda but do no damage.
The gnoll bouda is heavily wounded.
The wight hits you from afar with a +3 halberd.
The gnoll bouda misses you.
Unknown command.
You hit the gnoll bouda. You burn the gnoll bouda.
You kill the gnoll bouda!
Training target 16.0 for Axes reached!
You need to enable at least one skill for training.
Unknown command.
Unknown command.
The orc warrior hits you but does no damage.
The yak gores you.
Things that are here:
a +0 whip; a +0 leather armour Unknown command.
Your attacks no longer feel as feeble.
The yak closely misses you.
Your surroundings suddenly seem different.
A two-headed ogre and a jelly come into view.
Found 8 stones.
The two-headed ogre shouts in stereo!
The jelly quivers.
The jelly hits you but does no damage.
The two-headed ogre hits you with a +0 giant club!!
* * * LOW HITPOINT WARNING * * *
The two-headed ogre hits you with a +0 giant club!
* * * LOW HITPOINT WARNING * * *
The two-headed ogre attacks as you move away!
The two-headed ogre hits you with a +0 giant club!
* * * LOW HITPOINT WARNING * * *
The two-headed ogre hits you with a +0 giant club!
You die...

.........##..
, .........##
.. , , ,,, . (
# ##* .# .. ,
* ##.#.#
*,,.#..#
......#* ....#
, *
.......##....#
............#*
, , , , #@..#
, #.OJ.# ,,*
##....# * * ,
,,.....# ,
#....# , *
##..## *###


You could see a two-headed ogre and a jelly.

Vanquished Creatures
  Grinder (D:3)
  A hornet (D:6)
  Prince Ribbit (D:6)
  Grum (D:8)
  2 water moccasins (D:5)
  2 orc warriors (D:8)
  A sky beast (D:8)
  An ogre (D:7)
  3 ice beasts
  A centaur (D:6)
  2 wolves (D:7)
  4 phantoms
  3 kobold brigands
  2 bullfrogs
  A scorpion (D:5)
  2 necrophages
  2 killer bees (D:8)
  A vampire bat (D:4)
  A howler monkey (D:6)
  4 hounds
  3 gnoll boudas
  3 orc priests
  A jelly (D:6)
  3 orc wizards
  Terence (D:2)
  3 iguanas
  Natasha (thrice) (D:2)
  12 gnolls
  5 adders
  A shadow imp (D:8)
  A white imp (D:5)
  An ufetubus (D:5)
  3 worms
  2 dart slugs (D:2)
  3 fire bats (D:4)
  18 orcs
  2 spectral bats (D:4)
  3 bat skeletons (D:4)
  A bat zombie (D:4)
  9 endoplasms
  4 giant cockroaches
  8 goblins
  6 hobgoblins
  6 jackals
  23 kobolds
  4 quokkas
  10 ball pythons
  14 bats
  A bat simulacrum (D:4)
  4 frilled lizards
  2 rats (D:3)
  3 bushes (D:3)
199 creatures vanquished.

Vanquished Creatures (others)
  5 fungi (D:3)
  5 plants (D:3)
10 creatures vanquished.

Grand Total: 209 creatures vanquished

Notes
Turn   | Place    | Note
-------+----------+-------------------------------------------
     0 | D:1      | cdecastro the Hill Orc Fighter began the quest for the Orb.
     0 | D:1      | Reached XP level 1. HP: 19/19 MP: 1/1
   109 | D:1      | Reached skill level 3 in Axes
   301 | D:1      | Reached XP level 2. HP: 26/26 MP: 2/2
   599 | D:1      | Reached skill level 4 in Axes
   920 | D:1      | Reached XP level 3. HP: 25/31 MP: 3/3
  1802 | D:2      | Reached skill level 5 in Axes
  1819 | D:2      | Found a broken altar of Ashenzari.
  1997 | D:2      | Noticed Natasha
  2007 | D:2      | Killed Natasha
  2008 | D:2      | Reached XP level 4. HP: 15/39 MP: 4/4
  2038 | D:2      | Noticed Natasha
  2054 | D:3      | Reached skill level 6 in Axes
  2256 | D:2      | Killed Natasha
  2417 | D:2      | Became a worshipper of Ashenzari the Shackled
  2540 | D:2      | Noticed Terence
  2551 | D:2      | Killed Terence
  2552 | D:2      | Reached XP level 5. HP: 21/45 MP: 5/5
  2678 | D:2      | Noticed Natasha
  2688 | D:2      | Killed Natasha
  2689 | D:2      | Reached skill level 7 in Axes
  3586 | D:3      | Noticed Grinder
  3600 | D:3      | Paralysed by Grinder for 3 turns
  3618 | D:3      | Killed Grinder
  3619 | D:3      | Reached skill level 9 in Axes
  3619 | D:3      | Reached XP level 6. HP: 20/51 MP: 6/6
  3984 | D:3      | Found a transporter.
  3986 | D:3      | Found a transporter.
  4139 | D:3      | Found an ancient bone altar of Kikubaaqudgha.
  4143 | D:3      | Noticed Menkaure
  4149 | D:3      | Found a basalt altar of Yredelemnul.
  4709 | D:3      | Found a runed translucent door.
  4710 | D:3      | Noticed Crazy Yiuf
  4968 | D:4      | Reached XP level 7. HP: 39/59 MP: 7/7
  5045 | D:4      | Reached skill level 10 in Axes
  5503 | D:4      | Reached skill level 5 in Fighting
  5786 | D:4      | Found a staircase to the Ecumenical Temple.
  5798 | Temple   | Entered the Ecumenical Temple
  6217 | D:5      | Entered Level 5 of the Dungeon
  6266 | D:5      | Reached XP level 8. HP: 55/73 MP: 8/8
  7186 | D:5      | Reached * piety under Ashenzari
  7186 | D:5      | Identified a scroll of acquirement
  7300 | D:5      | Found an ornate altar of the Wu Jian Council.
  7302 | D:5      | Identified the +8 mace "Gootuwyc" {vorpal, Drain rN++ Str-3
                  | Int+3}
  7572 | D:6      | Reached skill level 1 in Evocations
  7576 | D:6      | Noticed a hornet
  7923 | D:6      | Reached XP level 9. HP: 77/85 MP: 9/9
  8059 | D:6      | Paralysed by a hornet for 1 turns
  8064 | D:6      | Killed a hornet
  8471 | D:6      | Reached skill level 11 in Axes
  8767 | D:6      | Noticed Prince Ribbit
  8791 | D:6      | Killed Prince Ribbit
  8792 | D:6      | Reached skill level 12 in Axes
  9280 | D:7      | Found the +4 robe of Augmentation {Str+4 Int+4 Dex+4}
  9472 | D:7      | Found an iron altar of Okawaru.
  9521 | D:7      | Reached ** piety under Ashenzari
  9714 | D:7      | Reached skill level 13 in Axes
  9866 | D:7      | Found a shimmering blue altar of Sif Muna.
 10485 | D:8      | Noticed Grum
 10516 | D:7      | Reached skill level 14 in Axes
 10516 | D:7      | Reached XP level 10. HP: 31/94 MP: 10/10
 10781 | D:8      | Killed Grum
 11009 | D:8      | HP: 1/94 [orc warrior/+0 hand axe (8)]
 11358 | D:8      | Found a radiant altar of Vehumet.
 11441 | D:8      | Noticed a two-headed ogre
 11442 | D:8      | Mangled by a two-headed ogre

Illustrated notes

Levels and vault maps discovered:
D:1:      evilmike_arrival_crescent, layout_loops_corners, roderic_filled_cross
D:2:      layout_basic, basic_altar, uniq_terence, uniq_natasha
D:3:      layout_loops_corners, gammafunk_temple_of_torment, serial_forest,
          infiniplex_forest_clump_double, infiniplex_forest_corner_1,
          infiniplex_forest_clump_cross, infiniplex_forest_lined_3,
          infiniplex_forest_end_3, nrook_mini_backslash, uniq_grinder,
          uniq_crazy_yiuf_cottage
D:4:      layout_loops_cross, temple_green, grunt_ministairs_15, goddamned_bats
D:5:      layout_loops_ring, lemuel_crystal_altar, hangedman_decor_lopped,
          nicolae_concentric_dashed_squares_wild,
          chequers_serial_rivers_small_3, minmay_holes
D:6:      wander_river, layout_basic, chequers_mini_garden, uniq_prince_ribbit1
D:7:      layout_basic, mainiacjoe_overflow_chevrons,
          nicolae_sif_muna_condensation
D:8:      minmay_the_grid_square_5x5_3x3
          [minmay_the_grid_square_5x5_pentomino_r,
          minmay_the_grid_square_5x5_inset,
          minmay_the_grid_square_5x5_tetrominoes,
          minmay_the_grid_square_5x5_checkered_sparse,
          minmay_the_grid_square_5x5_megaprize_hollow,
          minmay_the_grid_square_5x5_empty, minmay_the_grid_square_5x5_spiral,
          minmay_the_grid_square_5x5_shuriken,
          minmay_the_grid_square_5x5_intrusive_squares], layout_cave_pools,
          nicolae_overflow_hidden_temple, uniq_grum
Temple:   oiseaux_autumnal_temple

Skill      XL: |  1  2  3  4  5  6  7  8  9 |
---------------+----------------------------+-----
Axes           | 3 4 5 6 9 10 14 | 14.8
Fighting       | 6 9 |  9.2
Evocations     | 4 |  4.6
Armour         | |  3.2
Shields        | |  3.2

Action                   |  1- 3 |  4- 6 |  7- 9 | 10-12 || total
-------------------------+-------+-------+-------+-------++-------
Melee: War axe           |   102 |   229 |    10 |       ||   341
       Punch             |       |     4 |     7 |     1 ||    12
       Hand axe          |       |       |   415 |    57 ||   472
Invok: Curse Item        |       |     1 |     2 |       ||     3
  Use: Scroll            |       |       |       |     1 ||     1
       Potion            |       |       |       |     1 ||     1
Armor: Scale mail        |    56 |    10 |       |       ||    66
       Chain mail        |       |    37 |   236 |    14 ||   287
Dodge: Dodged            |    63 |    35 |   160 |    25 ||   283
